 Dungeon Crawl Stone Soup version 0.30-a0-553-g7fabdf1491 (webtiles) character file.

Game seed: 17190956502466728342

203 Zonian the Chiller (level 5, -5/24 HPs)
             Began as a Vine Stalker Ice Elementalist on Dec 27, 2022.
             Killed by divine providence
             ... invoked by an orc priest
              (14 damage)
             ... on level 4 of the Dungeon.
             The game lasted 00:08:47 (4674 turns).

Zonian the Chiller (Vine Stalker Ice Elementalist)  Turns: 4674, Time: 00:08:47

Health: -5/24      AC:  6    Str: 17    XL:     5   Next: 81%
Magic:  0/11       EV: 12    Int: 17    God:
Gold:   188        SH:  0    Dex: 14    Spells: 4/11 levels left

rFire   . . .      SeeInvis .    n - +1 whip (venom)
rCold   + . .      Faith    .    (no shield)
rNeg    . . .      Spirit   +    a - +0 robe
rPois   .          Reflect  .    (no helmet)
rElec   .          Harm     .    i - +2 cloak
rCorr   .          Rampage  .    x - +0 pair of gloves
Will    .....                    (no boots)
Stlth   +++                      (no amulet)
HPRegen 1.04/turn                r - +6 ring of strength
MPRegen 0.12/turn                d - ring "Foustri" {Wiz Drain Fly rC+}

@: flying
A: fangs 2, regeneration 1, magic shield, antimagic bite, no potion heal 2
a: no special abilities


You were on level 4 of the Dungeon.
You visited 1 branch of the dungeon, and saw 4 of its levels.
You also visited: Sewer.

You collected 269 gold pieces.
You spent 81 gold pieces at shops.

Inventory:

Hand Weapons
 e - a +0 dagger
 j - a +1 vampiric dagger
 n - a +1 whip of venom (weapon)
Missiles
 g - 2 poisoned darts
Armour
 a - a +0 robe (worn)
 i - a +2 cloak (worn)
 x - a +0 pair of gloves (worn)
Jewellery
 d - the ring "Foustri" (right hand) {Wiz Drain Fly rC+}
   (You acquired it on level 3 of the Dungeon)

   [ring of wizardry]

   It improves your spell success rate.
   rC:        It protects you from cold.
   Fly:       It grants you flight.
   Drain:     It drains your maximum health when unequipped.
 r - a +6 ring of strength (left hand)
Wands
 v - a wand of roots (6)
Scrolls
 l - 3 scrolls of fear
 o - 2 scrolls of noise
Potions
 b - 2 potions of magic
 c - a potion of brilliance {unknown}
 f - a potion of curing
 h - a potion of cancellation
 k - a potion of heal wounds {unknown}
 m - a potion of haste {unknown}
 q - a potion of degeneration {unknown}
 s - a potion of lignification {unknown}
 t - a potion of resistance


   Skills:
 - Level 2.6 Dodging
 + Level 4.3 Stealth
 + Level 3.5 Spellcasting
 + Level 4.8 Ice Magic


You had 4 spell levels left.
You knew the following spells:

 Your Spells              Type           Power      Damage    Failure   Level
a - Freeze                Ice            76%        1d8       1%          1
b - Frozen Ramparts       Ice            38%        1d6       2%          3
c - Ozocubu's Armour      Ice            19%        N/A       2%          3

Your spell library contained the following spells:

 Spells                   Type           Power      Damage    Failure   Level
 Summon Ice Beast         Ice/Summ       11%        N/A       24%         4
 Airstrike                Air            1%         2d(1-17)  52%         4
 Summon Lightning Spire   Summ/Air       3%         N/A       52%         4
 Lightning Bolt           Conj/Air       1%         1d12      86%         5


Dungeon Overview and Level Annotations

Branches:
Dungeon (4/15)              Sewer (visited)
 Temple: D:4-7

Altars:
Xom

Shops:
D:1 *   D:3 *!*(


Innate Abilities, Weirdness & Mutations

You have extremely sharp teeth.
Your natural rate of healing is unusually fast.
When hurt, damage is shared between your health and your magic reserves.
Your bite disrupts and absorbs the magic of your enemies.
Potions cannot restore your health.


Message History

You drain its magic.
The orc wizard is lightly wounded.
You hit the orc wizard.
The orc wizard looks as sick as possible!
The orc wizard is heavily wounded.
The orc priest calls down the wrath of Beogh upon you.
Beogh smites you! The orc wizard closely misses you.
You hit the orc wizard. Your bite misses the orc wizard.
The orc wizard is almost dead.
The orc hits you with a +0 dagger. The orc priest closely misses you.
The orc wizard casts a spell at you. You resist with some effort.
Unknown command.
You completely miss the orc wizard. You bite the orc wizard.
The orc wizard's magic leaks into the air.
You drain its magic.
You feel invigorated.
The orc wizard is almost dead.
You kill the orc wizard!
The orc hits you but does no damage.
The orc priest calls down the wrath of Beogh upon you.
Beogh smites you!
* * * LOW HITPOINT WARNING * * *
Unknown command.
You hit the orc priest.
The orc priest is poisoned.
The orc priest is heavily wounded.
The orc barely misses you.
The orc priest hits you with a +0 falchion.
Unknown command.
Casting: Freeze (safe; 1% risk of failure)
Confirm with . or Enter, or press ? or * to list all spells.
Aiming: Freeze (safe; 1% risk of failure)
Press: ? - help, Shift-Dir - straight line, f - orc priest
Aim: an orc priest, wielding a +0 falchion (heavily wounded, very poisoned)
You freeze the orc priest.
The orc priest is almost dead.
The orc hits you but does no damage.
The orc priest invokes the aid of Beogh against you.
Beogh smites you!
Ouch! That really hurt!
You die...

#...# #####..?##
.......... .......
...... #...#
####.oo## #.....@)#
#.##....# #.##....#
#.##....##
#.##.....##
#######.##.##.#.##
#...<........###.####
#.####.###..## ##...#
#(###.#.###(##.#


You could see an orc priest (very poisoned) and an orc.

Vanquished Creatures
  An orc wizard (D:4)
  5 adders
  4 river rats (Sewer)
  A worm (D:3)
  2 dart slugs
  3 bats
  3 endoplasms
  7 giant cockroaches
  9 goblins
  6 hobgoblins
  10 jackals
  7 quokkas (D:3)
  10 ball pythons
  7 frilled lizards
  5 kobolds
  13 rats
93 creatures vanquished.

Vanquished Creatures (others)
  7 fungi (D:3)
  17 plants
24 creatures vanquished.

Grand Total: 117 creatures vanquished

Notes
Turn   | Place    | Note
-------+----------+-------------------------------------------
     0 | D:1      | Zonian the Vine Stalker Ice Elementalist began the quest
                  | for the Orb.
     0 | D:1      | Reached XP level 1. HP: 9/9 MP: 4/4
    40 | D:1      | You fall into a shaft and drop 1 floor!
   214 | D:2      | Reached XP level 2. HP: 12/13 MP: 3/6
   563 | D:1      | Found Vissudoag's Assorted Antiques.
   570 | D:1      | Bought a scroll labelled FIUT FERAPLUITU for 28 gold pieces
   570 | D:1      | Bought a white potion for 25 gold pieces
   570 | D:1      | Bought a scroll labelled FIUT FERAPLUITU for 28 gold pieces
   590 | D:1      | Reached XP level 3. HP: 16/16 MP: 3/7
  1596 | D:2      | Gained mutation: Your natural rate of healing is unusually
                  | fast. [Vine Stalker growth]
  1596 | D:2      | Reached XP level 4. HP: 21/21 MP: 5/9
  2044 | D:3      | Found Join's Weapon Emporium.
  2087 | D:3      | Found a glowing drain.
  2111 | Sewer    | Entered a sewer
  2437 | Sewer    | Reached XP level 5. HP: 20/24 MP: 5/10
  3434 | D:3      | Found Hyfiut Okuxo's Assorted Antiques.
  3617 | D:3      | Found a faded altar of an unknown god.
  3665 | D:3      | Found a shimmering altar of Xom.
  4321 | D:3      | Found Jucomul's Distillery.
  4392 | D:3      | Found Ikluawn's Assorted Antiques.
  4403 | D:3      | Identified a scroll of acquirement
  4403 | D:3      | Acquired the ring "Foustri" {Wiz Drain Fly rC+}
  4410 | D:3      | Learned a level 3 spell: Frozen Ramparts
  4414 | D:3      | Learned a level 3 spell: Ozocubu's Armour
  4674 | D:4      | Killed from afar by an orc priest

Illustrated notes

Levels and vault maps discovered:
D:1:      enne_arrival_octagon_isle, layout_basic, serial_shops, shop
D:2:      layout_basic
D:3:      layout_basic, nicolae_overflow_crystal_walls,
          shapermc_ecumenical_altar_mp_urbaneastern, serial_shops,
          nicolae_shop_bloodbath_and_beyond, nicolae_shop_advertising_works
          [nicolae_subvault_shop_adworks], nicolae_shop_behind_doors,
          nicolae_lakefront_shop, gup_sewer_entry_pipe, roderic_lattice_a,
          minivault_24, kennysheep_nub
D:4:      layout_loops_cross, minmay_temple_entry_from_below_a, serial_rivers,
          chequers_serial_rivers_micro_d, chequers_serial_rivers_room_a,
          chequers_serial_rivers_large_a, chequers_serial_rivers_small_a,
          chequers_serial_rivers_micro_a, chequers_serial_rivers_room_b,
          minmay_quantized

Skill      XL: |  1  2  3  4  5 |
---------------+----------------+-----
Stealth        | 3 4 |  4.3
Dodging        | 2 |  2.6
Spellcasting   | 3 |  3.5
Ice Magic      | |  4.8

Action                   |  1- 3 |  4- 6 || total
-------------------------+-------+-------++-------
Melee: Unarmed           |     4 |       ||     4
       Dagger            |     6 |       ||     6
       Whip              |    22 |   143 ||   165
       Bite              |     7 |    25 ||    32
       Punch             |       |     1 ||     1
 Cast: Freeze            |    38 |    28 ||    66
  Use: Scroll            |       |    10 ||    10
 Stab: Sleeping          |     3 |     2 ||     5
Armor: Robe              |    14 |    50 ||    64
Dodge: Dodged            |    29 |   117 ||   146

Table legend: (Time is in decaauts)
 A = Elapsed time spent in this place.
 B = Non-inter-level travel time spent in this place.
 C = Inter-level travel time spent in this place.
 D = Time resting spent in this place.
 E = Time spent auto-exploring this place.
 F = Levels seen in this place.
 G = Mean time per level.
                   A        B        C        D        E       F      G
               +--------+--------+--------+--------+--------+-----+--------+
         Total |   4843 |   4739 |    104 |    830 |   2971 |   5 |  968.6 |
       Dungeon |   3398 |   3294 |    104 |    218 |   2433 |   4 |  849.5 |
         Sewer |   1445 |   1445 |      0 |    612 |    538 |   1 | 1445.0 |
               +--------+--------+--------+--------+--------+-----+--------+

Top non-repeatable levels by time:
   Sewer: 1445 daAuts
     D:3: 1386 daAuts
     D:2: 1139 daAuts
     D:1: 790 daAuts
     D:4: 81 daAuts
